 Dungeon Crawl Stone Soup version 0.26.1-2-gb8aa6d0cf2 (webtiles) character file.

Game seed: 1795239350411657761

5786 Chiseanne the Destroyer (level 10, -11/63 HPs)
             Began as a Demonspawn Hedge Wizard on Mar 30, 2021.
             Was an Elder of Vehumet.
             Mangled by a four-headed hydra (12 damage)
             ... on level 10 of the Dungeon.
             The game lasted 00:32:11 (14302 turns).

Chiseanne the Destroyer (Demonspawn Hedge Wizard)  Turns: 14302, Time: 00:32:11

Health: -11/63     AC:  9    Str: 11    XL:     10   Next: 50%
Magic:  32/32      EV: 17    Int: 18    God:    Vehumet [****..]
Gold:   643        SH:  0    Dex: 13    Spells: 11/27 levels left

rFire    + . .     SeeInvis .   a - +8 dagger of Demonkind {venom, rC+ MP+9}
rCold    + . .     Faith    .   (no shield)
rNeg     . . .     Spirit   .   H - +2 leather armour {rF+}
rPois    .         Reflect  .   c - +0 hat
rElec    .         Harm     +   f - scarf {harm}
rCorr    .         Rampage  .   x - +0 pair of gloves
Will     .....                  b - +0 pair of boots
Stlth    +++.......             (no amulet)
HPRegen  0.20/turn              g - ring of wizardry
MPRegen  0.23/turn              l - ring of stealth

@: agile
A: horns 1, yellow scales 1, powered by pain 2, spiny 1
a: Renounce Religion


You were on level 10 of the Dungeon.
You worshipped Vehumet.
Vehumet was greatly pleased with you.
You visited 1 branch of the dungeon, and saw 10 of its levels.
You also visited: Ossuary.

You collected 697 gold pieces.
You spent 54 gold pieces at shops.

Inventory:

Hand Weapons
 a - the +8 dagger of Demonkind (weapon) {venom, rC+ MP+9}
   (You found it on level 6 of the Dungeon)

   It poisons the flesh of those it strikes.
   It protects you from cold.
   It affects your magic capacity (+9).
 s - the +11 war axe "Ytorais" {pain, Str+2}
   (You found it on level 6 of the Dungeon)

   In the hands of one skilled in necromantic magic, it inflicts extra damage on
   living creatures.
   It affects your strength (+2).
 w - a +2 hunting sling
Missiles
 d - 179 arrows
 h - 5 curare-tipped darts
 j - 78 bolts
 k - 54 sling bullets
 r - 4 boomerangs
 t - 11 poisoned darts (quivered)
 K - 4 throwing nets
Armour
 b - a +0 pair of boots (worn)
 c - a +0 hat (worn)
 f - a scarf of harm (worn)
 x - a +0 pair of gloves (worn)
 H - a +2 leather armour of fire resistance (worn)
 N - a +0 ring mail of fire resistance
Magical Staves
 y - an uncursed staff of earth
Jewellery
 g - a ring of wizardry (left hand)
 l - a ring of stealth (right hand)
 m - an uncursed ring of protection from cold
 n - an uncursed ring of resist corrosion
 I - a +4 ring of slaying {unknown}
Wands
 p - a wand of paralysis (7)
 v - a wand of enslavement (4)
 D - a wand of acid (16)
 F - a wand of digging (6)
Scrolls
 e - 6 scrolls of amnesia
 o - 2 scrolls of fog
 C - 6 scrolls of teleportation
 J - 5 scrolls of remove curse
Potions
 i - 3 potions of brilliance {unknown}
 q - a potion of haste
 u - 3 potions of flight
 z - 2 potions of mutation
 A - 5 potions of heal wounds
 B - 2 potions of might {unknown}
 E - a potion of ambrosia {unknown}
 G - 7 potions of curing
 L - a potion of berserk rage {unknown}
 O - 2 potions of magic {unknown}
 P - a potion of lignification {unknown}


   Skills:
 - Level 1.7 Dodging
 - Level 1.7 Stealth
 * Level 9.1 Spellcasting
 * Level 9.3 Conjurations
 - Level 1.0 Summonings
 - Level 0.8 Translocations
 * Level 8.1 Air Magic


You had 11 spell levels left.
You knew the following spells:

 Your Spells              Type           Power        Failure   Level
a - Magic Dart            Conj           100%         1%          1
b - Searing Ray           Conj           82%          1%          2
c - Blink                 Tloc           N/A          4%          2
d - Mephitic Cloud        Conj/Pois/Air  29%          1%          3
e - Foxfire               Conj/Fire      100%         1%          1
f - Apportation           Tloc           22%          3%          1
g - Ensorcelled Hibernat  Hex/Ice        16%          7%          2
h - Airstrike             Air            18%          1%          4

Your spell library contained the following spells:

 Spells                   Type           Power        Failure   Level
 Yara's Violent Unravell  Hex/Tmut       4%           30%         5
 Freeze                   Ice            32%          1%          1
 Conjure Flame            Conj/Fire      25%          1%          3
 Dazzling Flash           Conj/Hex       50%          1%          3
 Hailstorm                Conj/Ice       25%          2%          4
 Summon Small Mammal      Summ           44%          3%          1
 Animate Skeleton         Necr           16%          4%          1
 Corona                   Hex            8%           4%          1
 Call Imp                 Summ           11%          4%          2
 Frozen Ramparts          Ice            16%          4%          3
 Slow                     Hex            8%           7%          2
 Summon Lightning Spire   Summ/Air       24%          7%          4
 Call Canine Familiar     Summ           11%          9%          3
 Summon Guardian Golem    Hex/Summ       10%          12%         3
 Confusing Touch          Hex            8%           14%         3
 Ozocubu's Armour         Ice            8%           14%         3
 Tukima's Dance           Hex            8%           14%         3
 Summon Ice Beast         Ice/Summ       10%          34%         4


Dungeon Overview and Level Annotations

Branches:
Dungeon (10/15)            Temple (0/1) D:5         Ossuary (visited)
   Lair: D:8-11         Orc: D:9-12

Altars:
Ashenzari
Dithmenos
Elyvilon
Gozag
Makhleb
Nemelex Xobeh
Okawaru
Sif Muna
Trog
Vehumet
Wu Jian
Yredelemnul

Shops:
D:6 *   D:8 (

Annotations:
D:6 exclusion: door
D:8 2 transporters, Paulthewizard's ghost, novice GnCj


Innate Abilities, Weirdness & Mutations

You have a pair of small horns on your head.
You are partially covered in yellow scales. (AC +2)
You sometimes gain power by taking damage.
You are partially covered in sharp spines.


Message History

The four-headed hydra bites you but does no damage.
The four-headed hydra bites you! The four-headed hydra misses you.
The four-headed hydra bites you but does no damage.
The searing ray hits the four-headed hydra!
The four-headed hydra is severely wounded.
You finish channeling your searing ray.
The four-headed hydra bites you but does no damage. x2
The four-headed hydra bites you!
You focus on the pain.
You feel your power returning.
The four-headed hydra bites you but does no damage.
The four-headed hydra bites you!
* * * LOW HITPOINT WARNING * * *
The four-headed hydra barely misses you.
The four-headed hydra bites you.
* * * LOW HITPOINT WARNING * * *
The four-headed hydra bites you.
* * * LOW HITPOINT WARNING * * *
The four-headed hydra is struck by your spines.
The four-headed hydra bites you!
You die...

#.###.###.#
#..<......#
#####...###### ##+#
###'# #..# #...#
♣.♣♣##.# .....#
###♣.♣.'..# ......#
#.'.♣†♣#..#
.......##.#♣♣.♣#..#
P......@..# #+#####
.P....D#### ......#
P.P./# P...# P...
P.. P.


You could see a four-headed hydra.

Vanquished Creatures
  Harold (D:7)
  Grinder (D:4)
  5 humans (D:9)
  Menkaure (D:4)
  Duvessa (D:7)
  3 orc warriors (D:9)
  6 ice beasts
  A sky beast (D:5)
  2 black bears
  A necrophage (D:8)
  3 centaurs
  3 ogres
  4 bullfrogs
  Dowan (D:7)
  A water moccasin zombie (D:7)
  2 scorpions
  4 killer bees (D:7)
  4 wights (D:7)
  5 howler monkeys
  A quasit (D:7)
  2 jellies
  A bullfrog skeleton (D:4)
  9 orc priests
  A centaur skeleton (D:6)
  4 hounds
  4 orc wizards
  5 iguanas
  2 worker ants
  4 big kobold zombies (Ossuary)
  A mummy (Ossuary)
  A hound zombie (D:7)
  A hound skeleton (D:6)
  3 worker ant zombies
  Robin (D:4)
  5 adders
  4 shadow imps
  3 white imps
  3 ufetubi
  2 oozes
  2 adder skeletons (D:4)
  5 worms
  2 dart slugs
  6 leopard geckos
  34 orcs
  4 spectral bats (Ossuary)
  11 giant cockroaches
  15 goblins
  13 hobgoblins
  10 jackals
  7 kobolds
  7 quokkas
  5 bats
  4 bat simulacra (Ossuary)
  5 frilled lizards
  9 gnoll zombies
  4 goblin simulacra (Ossuary)
  4 goblin zombies (Ossuary)
  4 hobgoblin zombies (Ossuary)
  4 kobold simulacra (Ossuary)
  7 kobold zombies (Ossuary)
  A leopard gecko skeleton (D:7)
  3 orc zombies (Ossuary)
  A quokka skeleton (D:5)
  12 rats
  A rat simulacrum (Ossuary)
  4 spectral goblins (Ossuary)
  2 spectral kobolds (Ossuary)
  4 spectral rats (Ossuary)
296 creatures vanquished.

Vanquished Creatures (collateral kills)
  An orc priest (D:6)
  An orc (D:6)
2 creatures vanquished.

Vanquished Creatures (others)
  52 foxfires
  16 fungi (D:10)
  11 plants (D:10)
79 creatures vanquished.

Grand Total: 377 creatures vanquished

Notes
Turn   | Place    | Note
-------+----------+-------------------------------------------
     0 | D:1      | Chiseanne the Demonspawn Hedge Wizard began the quest for
                  | the Orb.
     0 | D:1      | Reached XP level 1. HP: 13/13 MP: 4/4
  1028 | D:1      | Gained mutation: You are partially covered in sharp spines.
                  | [demonic ancestry]
  1028 | D:1      | Reached XP level 2. HP: 16/19 MP: 4/6
  1348 | D:1      | Reached XP level 3. HP: 23/24 MP: 8/8
  2060 | D:1      | Learned a level 2 spell: Blink
  2064 | D:1      | Learned a level 3 spell: Mephitic Cloud
  2197 | D:2      | Found a broken altar of Ashenzari.
  2802 | D:2      | Found a shimmering blue altar of Sif Muna.
  2889 | D:2      | Gained mutation: You sometimes gain a little power by
                  | taking damage. [demonic ancestry]
  2889 | D:2      | Reached XP level 4. HP: 30/30 MP: 7/9
  3324 | D:3      | Found a white marble altar of Elyvilon.
  3334 | D:3      | Reached skill level 1 in Air Magic
  3488 | D:3      | Found a faded altar of an unknown god.
  3588 | D:3      | Found a transporter.
  3887 | D:3      | Found a sparkling altar of Nemelex Xobeh.
  3988 | D:3      | Found a transporter.
  4524 | D:3      | Found a basalt altar of Yredelemnul.
  4970 | D:3      | Gained mutation: You have a pair of small horns on your
                  | head. [demonic ancestry]
  4970 | D:3      | Reached XP level 5. HP: 19/35 MP: 7/11
  5802 | D:4      | Noticed Menkaure
  5804 | D:4      | Killed Menkaure
  5805 | D:4      | Reached XP level 6. HP: 41/41 MP: 11/13
  6035 | D:4      | Noticed Grinder
  6038 | D:4      | Killed Grinder
  6039 | D:4      | Reached skill level 5 in Spellcasting
  6039 | D:4      | Reached XP level 7. HP: 46/46 MP: 14/14
  6378 | D:4      | Found a radiant altar of Vehumet.
  6381 | D:4      | Became a worshipper of Vehumet
  6580 | D:4      | Noticed Robin
  6595 | D:4      | Killed Robin
  7000 | D:5      | Entered Level 5 of the Dungeon
  7182 | D:5      | Reached skill level 5 in Conjurations
  7236 | D:5      | Found a sparkling altar of Nemelex Xobeh.
  7509 | D:5      | Found a staircase to the Ecumenical Temple.
  7521 | D:5      | Reached * piety under Vehumet
  7521 | D:5      | Offered knowledge of Foxfire by Vehumet.
  7559 | D:5      | Learned a level 1 spell: Foxfire
  7608 | D:5      | Gained mutation: You sometimes gain power by taking damage.
                  | [demonic ancestry]
  7608 | D:5      | Reached XP level 8. HP: 37/52 MP: 8/16
  7804 | D:5      | Found a burning altar of Makhleb.
  8780 | D:6      | Reached skill level 5 in Air Magic
  9026 | D:6      | Found Xittuz's Assorted Antiques.
  9201 | D:6      | Bought a scroll labelled LAC WOQUORPHY for 27 gold pieces
  9201 | D:6      | Bought a scroll labelled WOCLEU VUD LEM for 27 gold pieces
  9283 | D:6      | Offered knowledge of Shock by Vehumet.
  9641 | D:6      | Noticed a moth of wrath
  9643 | D:6      | Found a bloodstained altar of Trog.
  9652 | D:6      | Reached ** piety under Vehumet
  9665 | D:6      | Got a scorched war axe
  9672 | D:6      | Got an ivory dagger
  9739 | D:6      | Identified the +11 war axe "Ytorais" {pain, Str+2} (You
                  | found it on level 6 of the Dungeon)
  9747 | D:6      | Identified the +8 dagger of Demonkind {venom, rC+ MP+9}
                  | (You found it on level 6 of the Dungeon)
  9866 | D:6      | Found an opulent altar of Gozag.
 10017 | D:6      | You fall into a shaft and drop 3 floors!
 10119 | D:9      | Gained mutation: You are partially covered in yellow
                  | scales. (AC +2) [demonic ancestry]
 10119 | D:9      | Reached XP level 9. HP: 35/57 MP: 19/19
 11494 | D:8      | Found an iron altar of Okawaru.
 11525 | D:8      | Offered knowledge of Searing Ray by Vehumet.
 11529 | D:8      | Learned a level 2 spell: Searing Ray
 11531 | D:8      | Learned a level 1 spell: Apportation
 11534 | D:8      | Learned a level 2 spell: Ensorcelled Hibernation
 11674 | D:8      | Found Xuhon's Weapon Boutique.
 11762 | D:8      | Found a sand-covered staircase.
 11788 | D:8      | Found a transporter.
 11813 | Ossuary  | Entered an ossuary
 11862 | Ossuary  | Reached *** piety under Vehumet
 11919 | Ossuary  | Offered knowledge of Airstrike by Vehumet.
 11934 | Ossuary  | Learned a level 4 spell: Airstrike
 12194 | Ossuary  | Reached **** piety under Vehumet
 12198 | Ossuary  | Offered knowledge of Yara's Violent Unravelling by Vehumet.
 12438 | D:8      | Noticed a moth of wrath
 12440 | D:8      | Found a bloodstained altar of Trog.
 12656 | D:8      | Found a transporter.
 12661 | D:8      | Noticed Paulthewizard's ghost (novice GnCj)
 12811 | D:7      | Noticed Harold
 12823 | D:7      | Killed Harold
 12824 | D:7      | Reached XP level 10. HP: 63/63 MP: 16/22
 13491 | D:7      | Found an ornate altar of the Wu Jian Council.
 13519 | D:7      | Noticed Dowan
 13520 | D:7      | Noticed Duvessa
 13530 | D:7      | Killed Duvessa
 13536 | D:7      | Killed Dowan
 13918 | D:7      | Found a shadowy altar of Dithmenos.
 14258 | D:10     | Entered Level 10 of the Dungeon
 14291 | D:10     | Noticed a four-headed hydra
 14301 | D:10     | HP: 1/63 [four-headed hydra (6)]
 14302 | D:10     | Mangled by a four-headed hydra

Illustrated notes

Levels and vault maps discovered:
D:1:      dpeg_arrival_boxorama, layout_basic, serial_forest,
          infiniplex_forest_clump_diagonal, infiniplex_forest_clump_double,
          infiniplex_forest_lined_3_way, infiniplex_forest_lined_4_way,
          infiniplex_forest_clump_cross
D:2:      layout_loops_cross, overflow_temple_1_default,
          ashenzari_conservatory_becter
D:3:      gammafunk_wand_slinger, layout_loops_ring, marbit_many_paths,
          nemelex_xobeh_ov_fountains_minmay, nicolae_overflow_crystal_walls,
          chequers_ecumenical_altar_island, minmay_misc_feat_ornament,
          kennysheep_doodads, minmay_close_crescents
D:4:      layout_gridville, kennysheep_mini, uniq_robin, uniq_grinder,
          uniq_menkaure
D:5:      layout_loops_ring, lightli_temple_of_fire, temple_statues,
          nemelex_lonely_heart_becter
D:6:      layout_gridville, nicolae_gozag_seed_capital, tgw_trog, serial_shops,
          kennysheep_little_box
D:7:      layout_loops_corners, grunt_dithmenos_smoke, old_standard_altar,
          uniq_duvessa, uniq_harold
D:8:      layout_basic, nicolae_overflow_hidden_temple,
          gammafunk_ghost_wrathful_warriors, enter_ossuary_3, serial_shops,
          shop_coins
D:9:      layout_basic, minmay_ruffians
D:10:     layout_loops_corners, due_lair_maze_entry_diamond, zombieorc1_lemuel,
          serial_glass, glass_columns_a, glass_columns_a, glass_columns_b,
          glass_columns_a, glass_columns_b, glass_columns_c, glass_columns_c,
          glass_columns_a, glass_columns_a, glass_columns_a,
          kennysheep_generic_room_14

Skill      XL: |  1  2  3  4  5  6  7  8  9 10 |
---------------+-------------------------------+-----
Conjurations   | 2 3 4 5 6 8 9 |  9.3
Air Magic      | 1 2 3 4 5 7 8 |  8.1
Spellcasting   | 4 5 7 8 9 |  9.1
Dodging        | |  1.7
Stealth        | |  1.7
Summonings     | |  1.0
Translocations | |  0.8

Action                   |  1- 3 |  4- 6 |  7- 9 | 10-12 || total
-------------------------+-------+-------+-------+-------++-------
Melee: Dagger            |    70 |    16 |    54 |    15 ||   155
       Short sword       |       |     1 |    26 |       ||    27
       Headbutt          |       |       |    18 |       ||    18
       War axe           |       |       |     9 |     1 ||    10
Throw: Dart              |       |     4 |     3 |       ||     7
 Cast: Magic Dart        |    74 |    92 |   285 |    31 ||   482
       Mephitic Cloud    |       |     5 |    34 |     2 ||    41
       Foxfire           |       |       |    34 |       ||    34
       Blink             |       |       |     3 |       ||     3
       Searing Ray       |       |       |    30 |    18 ||    48
       Airstrike         |       |       |     1 |       ||     1
Evoke: Wand              |       |     8 |     8 |       ||    16
  Use: Scroll            |     4 |     7 |    13 |       ||    24
 Stab: Sleeping          |     3 |     1 |     3 |     1 ||     8
       Confused          |       |       |     4 |       ||     4
Armor: Robe              |    11 |     1 |    10 |       ||    22
       Leather armour    |       |       |    25 |    12 ||    37
Dodge: Dodged            |    43 |    17 |    69 |    23 ||   152
